 Dungeon Crawl Stone Soup version 0.30-a0-777-ga9a30cbeda (webtiles) character file.

Game seed: 15422613416435752628

1290 mistaj the Trooper (level 8, -5/51 HPs)
             Began as a Gargoyle Fighter on Feb 13, 2023.
             Slain by a hornet (11 damage)
             ... on level 5 of the Dungeon.
             The game lasted 00:08:21 (3730 turns).

mistaj the Trooper (Gargoyle Fighter)               Turns: 3730, Time: 00:08:21

Health: -5/51      AC: 13    Str: 21    XL:     8   Next: 55%
Magic:  0/13       EV: 15    Int: 10    God:
Gold:   144        SH:  5    Dex:  9    Spells: 14/14 levels left

rFire   + . .      SeeInvis .    D - +6 club
rCold   . . .      Faith    .    c - +0 buckler
rNeg    + . .      Spirit   +    x - +0 ring mail {rF+}
rPois   ∞          Reflect  .    (no helmet)
rElec   +          Harm     .    y - +0 cloak
rCorr   .          Rampage  .    w - +0 pair of gloves
Will    .....                    (no boots) Stlth
                                 h - amulet of guardian spirit
HPRegen 0.28/turn                p - +5 ring of evasion
MPRegen 0.13/turn                (no ring)

@: no status effects
A: sickness immunity, AC +5, negative energy resistance 1, electricity
resistance, torment resistance 1, petrification resistance
a: no special abilities


You were on level 5 of the Dungeon.
You visited 1 branch of the dungeon, and saw 5 of its levels.

You collected 144 gold pieces.

Inventory:

Hand Weapons
 a - a +0 war axe
 D - a +6 club (weapon)
Armour
 c - a +0 buckler (worn)
 w - a +0 pair of gloves (worn)
 x - a +0 ring mail of fire resistance (worn)
 y - a +0 cloak (worn)
Jewellery
 h - an amulet of guardian spirit (around neck)
 p - a +5 ring of evasion (left hand)
Wands
 s - a wand of iceblast (8)
 C - a wand of flame (14)
Scrolls
 e - a scroll of blinking
 q - a scroll of teleportation
Potions
 b - a potion of flight {unknown}
 d - a potion of might
 i - a potion of heal wounds {unknown}
 j - 4 potions of curing
 k - 2 potions of attraction {unknown}
 r - a potion of resistance {unknown}
 t - 2 potions of cancellation {unknown}
 u - 3 potions of mutation
 z - 2 potions of ambrosia {unknown}
 A - a potion of lignification {unknown}
 B - 2 potions of haste {unknown}


   Skills:
 + Level 6.0 Fighting
 - Level 5.9(6.0) Axes
 * Level 1.2(4.2) Maces & Flails
 - Level 3.2 Armour
 - Level 5.9 Shields
 - Level 3.6 Spellcasting


You had 14 spell levels left.
You didn't know any spells.
Your spell library was empty.

Dungeon Overview and Level Annotations

Branches:
Dungeon (5/15)             Temple (0/1) D:5

Altars:
Ashenzari
Dithmenos
Nemelex Xobeh
Trog
Uskayaw
Xom
Yredelemnul

Shops:
D:1 **=


Innate Abilities, Weirdness & Mutations

You are immune to sickness and miasma.
Your stone body is resilient. (AC +5)
You are immune to poison.
You resist negative energy. (rN+)
You are resistant to electric shocks. (rElec)
You are resistant to unholy torment.
You are immune to petrification.


Message History

The hornet barely misses you. The hornet closely misses you.
You hit the hornet.
The hornet is heavily wounded.
The hornet stings you.
You closely miss the hornet.
The hornet is heavily wounded.
The hornet barely misses you.
The hornet stings you but does no damage.
You hit the hornet.
The hornet is severely wounded.
The hornet stings you but does no damage. x2
You hit the hornet.
The hornet is severely wounded.
The hornet stings you but does no damage.
The hornet stings you!
You hit the hornet.
The hornet is almost dead.
The hornet stings you but does no damage.
You barely miss the hornet.
The hornet is almost dead.
The hornet stings you.
* * * LOW HITPOINT WARNING * * *
The hornet stings you!
* * * LOW HITPOINT WARNING * * *
You hit the hornet.
The hornet is almost dead.
The hornet closely misses you. x2
You barely miss the hornet.
The hornet is almost dead.
The hornet stings you.
* * * LOW HITPOINT WARNING * * *
You hit the hornet.
The hornet is almost dead.
You block the hornet's attack.
The hornet stings you but does no damage.
You miss the hornet.
The hornet is almost dead.
The hornet stings you but does no damage.
The hornet stings you!
You die...

,**
*,,,,,,,,,,,*****......,,*,,,
,,***,,,,**,,,***
*#....,,,,*,~,
,,,,*********,*
*...,,,,***,,, ,,,,* #,*
##.#**,,,,,*,~, ,,,** #.*
###.#* **,,,,*,,, ****
#.###..## ******~_~
***#..#..## *~~~
*****,,,,#.y## **** *
*,,,,****#.@######## * **
*,,*** ##...##...## * ,**
#,,* #.........# * ,,* #..#*
##.........# ***** *** #...*
##......[...# **,,,,
*#..#####....######## *,,**,
##.........## ***+****
##..........## *,,,,,*,
##..#....)....### ***,⌠,⌠,*,


You could see a hornet.

Vanquished Creatures
  Grinder (D:4)
  Menkaure (D:4)
  4 wights (D:4)
  A howler monkey (D:4)
  A hound (D:3)
  4 crimson imps (D:3)
  2 orc priests
  A jelly (D:5)
  Jessica (D:3)
  A gnoll bouda (D:3)
  Ijyb (D:4)
  Natasha (thrice) (D:4)
  5 orc wizards
  4 gnolls
  7 adders
  A worm (D:3)
  2 dart slugs
  24 orcs
  4 bats
  5 endoplasms
  2 giant cockroaches (D:4)
  6 hobgoblins
  3 quokkas
  10 ball pythons
  2 frilled lizards
  3 goblins
  2 kobolds
  3 rats
104 creatures vanquished.

Notes
Turn   | Place    | Note
-------+----------+-------------------------------------------
     0 | D:1      | mistaj the Gargoyle Fighter began the quest for the Orb.
     0 | D:1      | Reached XP level 1. HP: 14/14 MP: 1/1
    49 | D:1      | Found Yvedopif's Jewellery Boutique.
   139 | D:1      | Found Qehost's General Store.
   142 | D:1      | Reached XP level 2. HP: 19/19 MP: 2/2
   305 | D:1      | Found Cuegigg's General Store.
   536 | D:1      | Reached XP level 3. HP: 23/23 MP: 3/3
   729 | D:2      | Found a broken altar of Ashenzari.
  1097 | D:3      | Noticed Jessica
  1141 | D:3      | Killed Jessica
  1142 | D:3      | Reached skill level 1 in Spellcasting
  1142 | D:3      | Reached XP level 4. HP: 25/29 MP: 5/5
  1529 | D:2      | Reached skill level 4 in Fighting
  1546 | D:3      | Reached XP level 5. HP: 21/33 MP: 3/7
  1813 | D:3      | Found a shimmering altar of Xom.
  1836 | D:3      | Reached XP level 6. HP: 39/39 MP: 8/8
  1922 | D:3      | Paralysed by a crimson imp for 5 turns
  2303 | D:4      | Noticed Natasha
  2321 | D:4      | Killed Natasha
  2322 | D:4      | Reached XP level 7. HP: 44/44 MP: 10/10
  2337 | D:4      | Found a bloodstained altar of Trog.
  2355 | D:4      | Noticed Natasha
  2365 | D:4      | Killed Natasha
  2419 | D:4      | Reached skill level 5 in Fighting
  2419 | D:4      | Reached skill level 5 in Shields
  2555 | D:4      | Noticed Natasha
  2561 | D:4      | Killed Natasha
  2562 | D:4      | Reached skill level 5 in Axes
  2708 | D:4      | Reached XP level 8. HP: 45/50 MP: 9/12
  2813 | D:4      | Found a hide-covered altar of Uskayaw.
  2813 | D:4      | Found a sparkling altar of Nemelex Xobeh.
  2814 | D:4      | Found a shadowy altar of Dithmenos.
  2821 | D:4      | Noticed Menkaure
  2836 | D:4      | Killed Menkaure
  3078 | D:4      | Noticed Grinder
  3091 | D:4      | Paralysed by Grinder for 2 turns
  3097 | D:4      | Paralysed by Grinder for 4 turns
  3112 | D:4      | Paralysed by Grinder for 4 turns
  3122 | D:4      | Killed Grinder
  3299 | D:4      | Noticed Ijyb
  3309 | D:4      | Killed Ijyb
  3371 | D:4      | Found a basalt altar of Yredelemnul.
  3484 | D:5      | Entered Level 5 of the Dungeon
  3671 | D:5      | Reached skill level 6 in Fighting
  3671 | D:5      | Reached skill level 1 in Maces & Flails
  3710 | D:5      | Noticed a hornet
  3730 | D:5      | Slain by a hornet

Illustrated notes

Levels and vault maps discovered:
D:1:      dpeg_arrival_short_road, layout_rooms, serial_shops, shop,
          nicolae_shop_stone, shop
D:2:      layout_rooms, basic_altar
D:3:      layout_basic, led_xom_imps, kennysheep_generic_room_4, uniq_jessica
D:4:      layout_loops_ring, chequers_temple_overflow_statue_of_worship,
          marbit_many_paths, uniq_natasha, uniq_ijyb, uniq_menkaure,
          uniq_grinder
D:5:      layout_layer_cave, nicolae_ru_path_of_blood, minmay_temple_entry_hall,
          kb_lookout_dungeons_type

Skill      XL: |  1  2  3  4  5  6  7  8 |
---------------+-------------------------+-----
Axes           | 2 3 4 5 |  5.9
Spellcasting   | 1 2 3 |  3.6
Shields        | 4 5 |  5.9
Fighting       | 4 5 6 |  6.0
Maces & Flails | 1 |  1.2
Armour         | |  3.2

Action                     |  1- 3 |  4- 6 |  7- 9 || total
---------------------------+-------+-------+-------++-------
  Melee: War axe           |    78 |   211 |   155 ||   444
         Club              |       |       |    49 ||    49
    Use: Scroll            |       |       |    10 ||    10
 Armour: Scale mail        |    35 |       |       ||    35
         Chain mail        |    22 |   104 |       ||   126
         Ring mail         |       |     3 |    80 ||    83
  Dodge: Dodged            |    48 |   132 |   123 ||   303
  Block: Buckler           |    26 |    68 |    38 ||   132

Table legend: (Time is in decaauts)
 A = Elapsed time spent in this place.
 B = Non-inter-level travel time spent in this place.
 C = Inter-level travel time spent in this place.
 D = Time resting spent in this place.
 E = Time spent auto-exploring this place.
 F = Levels seen in this place.
 G = Mean time per level.
                   A        B        C        D        E       F      G
               +--------+--------+--------+--------+--------+-----+--------+
         Total |   3896 |   3810 |     86 |    679 |   1773 |   5 |  779.2 |
       Dungeon |   3896 |   3810 |     86 |    679 |   1773 |   5 |  779.2 |
               +--------+--------+--------+--------+--------+-----+--------+

Top non-repeatable levels by time:
     D:4: 1436 daAuts
     D:3: 1302 daAuts
     D:1: 646 daAuts
     D:2: 374 daAuts
     D:5: 135 daAuts
